 Dungeon Crawl Stone Soup version 0.28-a0-697-g47f3eba078 (webtiles) character file.

Game seed: 7819672725583751052

4792 Gargoyl the Fighter (level 10, -2/82 HPs)
             Began as a Gnoll Abyssal Knight on Oct 23, 2021.
             Was a Priest of Lugonu.
             Slain by a yak (10 damage)
             ... on level 8 of the Dungeon.
             The game lasted 00:12:49 (11761 turns).

Gargoyl the Fighter (Gnoll Abyssal Knight)         Turns: 11761, Time: 00:12:50

Health: -2/82      AC: 19    Str: 15    XL:     10   Next: 48%
Magic:  13/17      EV: 10    Int: 11    God:    Lugonu [***...]
Gold:   147        SH:  5    Dex: 12    Spells: 19/19 levels left

rFire   + . .      SeeInvis +   q - +1 hand axe (freeze)
rCold   + . .      Faith    .   d - +0 buckler
rNeg    . . .      Spirit   .   h - +0 plate armour
rPois   .          Reflect  .   b - +1 helmet {SInv}
rElec   .          Harm     .   c - scarf {rC+ rF+}
rCorr   .          Rampage  .   (no gloves)
Will    .....                   (no boots)
Stlth   ..........              g - amulet of the acrobat
HPRegen 0.23/turn               o - +4 ring of protection
MPRegen 0.15/turn               f - +4 ring of evasion

@: hasted, very quick
A: fangs 1, strong nose, distributed training
a: Renounce Religion, Depart the Abyss, Bend Space, Banish


You were on level 8 of the Dungeon.
You worshipped Lugonu.
Lugonu was most pleased with you.
You visited 1 branch of the dungeon, and saw 8 of its levels.
You visited the Abyss 1 time.

You collected 379 gold pieces.
You spent 232 gold pieces at shops.

Inventory:

Hand Weapons
 a - a +2 hand axe
 q - a +1 hand axe of freezing (weapon)
Missiles
 n - a poisoned dart (quivered)
Armour
 b - a +1 helmet of see invisible (worn)
 c - a scarf of resistance (worn)
 d - a +0 buckler (worn)
 h - a +0 plate armour (worn)
Jewellery
 f - a +4 ring of evasion (right hand)
 g - an amulet of the acrobat (around neck)
 o - a +4 ring of protection (left hand)
Wands
 m - a wand of iceblast (2)
Scrolls
 r - a scroll of blinking {unknown}
Potions
 i - 2 potions of resistance
 j - a potion of haste
 k - 3 potions of magic {unknown}
 l - 2 potions of brilliance {unknown}
 p - 2 potions of mutation {unknown}


   Skills:
 + Level 8.5 Fighting
 + Level 5.3 Short Blades
 + Level 5.3 Long Blades
 + Level 7.1 Axes
 + Level 5.3 Maces & Flails
 + Level 5.3 Polearms
 + Level 5.3 Staves
 + Level 5.3 Slings
 + Level 5.3 Bows
 + Level 5.3 Crossbows
 + Level 5.3 Throwing
 + Level 7.1 Armour
 + Level 6.0 Dodging
 + Level 5.3 Stealth
 + Level 5.3 Shields
 + Level 5.3 Unarmed Combat
 + Level 5.3 Spellcasting
 + Level 4.4 Conjurations
 + Level 4.4 Hexes
 + Level 4.4 Summonings
 + Level 4.4 Necromancy
 + Level 4.4 Translocations
 + Level 4.4 Transmutations
 + Level 4.4 Fire Magic
 + Level 4.4 Ice Magic
 + Level 4.4 Air Magic
 + Level 4.4 Earth Magic
 + Level 4.4 Poison Magic
 + Level 7.5 Invocations
 + Level 5.3 Evocations


You had 19 spell levels left.
You didn't know any spells.
Your spell library contained the following spells:

 Spells                   Type           Power      Damage    Failure   Level
 Pain                     Necr           48%        1d6       87%         1
 Sting                    Tmut/Pois      48%        1d5       87%         1
 Summon Small Mammal      Summ           48%        N/A       87%         1
 Poisonous Vapours        Pois/Air       24%        N/A       95%         2
 Call Canine Familiar     Summ           12%        N/A       99%         3
 Summon Guardian Golem    Hex/Summ       12%        N/A       99%         3
 Olgreb's Toxic Radiance  Pois           12%        N/A       100%        4
 Agony                    Necr           12%        N/A       100%        5
 Excruciating Wounds      Necr           6%         N/A       100%        5


Dungeon Overview and Level Annotations

Branches:
Dungeon (8/15)             Temple (0/1) D:7
   Lair: D:8-11

Altars:
Elyvilon
Makhleb

Shops:
D:2 [   D:7 *

Annotations:
D:5 3 runed translucent doors, Palle's ghost, amateur OpFi


Innate Abilities, Weirdness & Mutations

You have very sharp teeth.
Your uncanny sense of smell can sniff out nearby items.
Your experience applies equally to all skills.


Message History

The yak is severely wounded.
The yak barely misses you.
Unknown command.
You barely miss the yak.
The yak is severely wounded.
You closely miss the yak.
The yak is severely wounded.
The yak barely misses you.
Unknown command.
You hit the yak but do no damage.
The yak is severely wounded.
You block the yak's attack.
You hit the yak but do no damage.
The yak is severely wounded.
The yak closely misses you.
You hit the yak. You freeze the yak.
The yak is severely wounded.
The yak barely misses you.
Unknown command.
You barely miss the yak.
The yak is severely wounded.
You block the yak's attack.
Unknown command.
You hit the yak. You freeze the yak.
The yak is severely wounded.
The yak gores you.
* * * LOW HITPOINT WARNING * * *
Unknown command.
You hit the yak but do no damage.
The yak is severely wounded.
The yak gores you!
* * * LOW HITPOINT WARNING * * *
Unknown command.
You feel better. The yak gores you but does no damage.
It was a potion of haste.
You feel yourself speed up. The yak gores you but does no damage.
Press: ? - help, Shift-Dir - straight line, f - yak
Aim: a yak (severely wounded, chance to affect: 85%)
The yak barely resists.
The yak gores you!
You die...

.# #.###
..... ...# #
###...#.#
#........
####........
#.@YZ(.(....
####........
#........
#######.. .


You could see a yak and a hornet zombie.

Vanquished Creatures
  Grinder (D:6)
  5 yaks (D:8)
  2 orc warriors (D:7)
  2 ice beasts
  Duvessa (D:5)
  3 black bears
  A sky beast (D:5)
  4 ogres
  A necrophage (D:6)
  3 centaurs
  2 phantoms (D:4)
  A bullfrog (D:6)
  6 scorpions
  Dowan (D:5)
  A water moccasin zombie (D:6)
  A howler monkey (D:5)
  A centaur zombie (D:6)
  A bullfrog zombie (D:6)
  4 hounds (D:6)
  5 orc priests
  A centaur skeleton (D:6)
  An iguana (D:5)
  7 orc wizards
  A howler monkey zombie (D:8)
  4 gnolls (D:5)
  7 adders
  A shadow imp (D:7)
  A white imp (D:7)
  An ufetubus (D:4)
  5 worms
  2 dart slugs
  25 orcs
  5 ball pythons
  6 endoplasms
  4 giant cockroaches
  7 goblins
  11 hobgoblins
  4 quokkas
  9 bats
  2 frilled lizards
  4 kobolds
  6 rats
160 creatures vanquished.

Vanquished Creatures (others)
  A plant (D:1)
1 creature vanquished.

Grand Total: 161 creatures vanquished

Notes
Turn   | Place    | Note
-------+----------+-------------------------------------------
     0 | Abyss:1  | Gargoyl the Gnoll Abyssal Knight began the quest for the
                  | Orb.
     0 | Abyss:1  | Reached XP level 1. HP: 23/23 MP: 3/3
    21 | Abyss:1  | Found a corrupted altar of Lugonu.
    94 | Abyss:1  | Found a corrupted altar of Lugonu.
   141 | Abyss:2  | Noticed a tentacled starspawn
   172 | Abyss:2  | Found a corrupted altar of Lugonu.
   183 | Abyss:2  | Noticed an ancient zyme
   208 | D:1      | Escaped the Abyss
   979 | D:1      | Reached XP level 2. HP: 23/29 MP: 5/5
  1136 | D:1      | Reached * piety under Lugonu
  1455 | D:1      | Found a faded altar of an unknown god.
  1686 | D:2      | Reached XP level 3. HP: 35/35 MP: 6/6
  1837 | D:2      | Reached skill level 1 in Short Blades
  1837 | D:2      | Reached skill level 1 in Long Blades
  1837 | D:2      | Reached skill level 1 in Maces & Flails
  1837 | D:2      | Reached skill level 1 in Polearms
  1837 | D:2      | Reached skill level 1 in Staves
  1837 | D:2      | Reached skill level 1 in Slings
  1837 | D:2      | Reached skill level 1 in Bows
  1837 | D:2      | Reached skill level 1 in Crossbows
  1837 | D:2      | Reached skill level 1 in Throwing
  1837 | D:2      | Reached skill level 1 in Stealth
  1837 | D:2      | Reached skill level 1 in Shields
  1837 | D:2      | Reached skill level 1 in Unarmed Combat
  1837 | D:2      | Reached skill level 1 in Spellcasting
  1837 | D:2      | Reached skill level 1 in Evocations
  1933 | D:2      | Reached XP level 4. HP: 40/41 MP: 7/7
  2057 | D:2      | Found Binoew's Armour Emporium.
  2061 | D:2      | Bought a +0 chain mail for 45 gold pieces
  2545 | D:3      | Reached ** piety under Lugonu
  2622 | D:3      | Reached skill level 1 in Conjurations
  2622 | D:3      | Reached skill level 1 in Hexes
  2622 | D:3      | Reached skill level 1 in Summonings
  2622 | D:3      | Reached skill level 1 in Necromancy
  2622 | D:3      | Reached skill level 1 in Translocations
  2622 | D:3      | Reached skill level 1 in Transmutations
  2622 | D:3      | Reached skill level 1 in Fire Magic
  2622 | D:3      | Reached skill level 1 in Ice Magic
  2622 | D:3      | Reached skill level 1 in Air Magic
  2622 | D:3      | Reached skill level 1 in Earth Magic
  2622 | D:3      | Reached skill level 1 in Poison Magic
  3162 | D:4      | Reached XP level 5. HP: 44/47 MP: 8/8
  3334 | D:4      | Noticed a sky beast
  3335 | D:4      | Noticed an ogre
  3359 | D:4      | Noticed a black bear
  3372 | D:5      | Entered Level 5 of the Dungeon
  3509 | D:4      | Killed a black bear
  3510 | D:4      | Reached skill level 5 in Invocations
  3650 | D:4      | Noticed a phantom
  3682 | D:4      | Killed a phantom
  3683 | D:4      | Reached skill level 5 in Axes
  3683 | D:4      | Reached skill level 5 in Armour
  3683 | D:4      | Reached XP level 6. HP: 10/53 MP: 9/9
  4324 | D:5      | Noticed an ice beast
  4339 | D:5      | Killed a sky beast
  4340 | D:5      | Reached XP level 7. HP: 36/59 MP: 10/10
  4349 | D:5      | Reached skill level 7 in Fighting
  4619 | D:5      | Found a burning altar of Makhleb.
  5242 | D:5      | HP: 3/60 [ufetubus (3)]
  5540 | D:5      | Reached *** piety under Lugonu
  5545 | D:5      | Reached XP level 8. HP: 54/67 MP: 12/12
  6363 | D:5      | Found a runed translucent gate.
  6364 | D:5      | Found a runed translucent gate.
  6365 | D:5      | Found a runed translucent gate.
  6365 | D:5      | Noticed Palle's ghost (amateur OpFi)
  6647 | D:6      | Noticed Grinder
  6672 | D:6      | Killed Grinder
  7002 | D:6      | Noticed Dowan
  7003 | D:6      | Noticed Duvessa
  7253 | D:5      | Killed Duvessa
  7254 | D:5      | Reached XP level 9. HP: 26/72 MP: 14/14
  7254 | D:5      | Killed Dowan
  7479 | D:6      | Found a white marble altar of Elyvilon.
  8257 | D:7      | Reached skill level 5 in Dodging
  9203 | D:6      | Reached skill level 8 in Fighting
  9711 | D:7      | Found a staircase to the Ecumenical Temple.
  9738 | D:7      | Found Raifumir's Assorted Antiques.
 10187 | D:7      | Bought a runed helmet for 187 gold pieces
 10211 | D:7      | Noticed a troll
 10243 | D:7      | Noticed a deep elf zephyrmancer
 10244 | D:7      | Banished a deep elf zephyrmancer
 10245 | D:7      | Reached XP level 10. HP: 10/80 MP: 12/17
 10621 | D:6      | Reached skill level 5 in Short Blades
 10621 | D:6      | Reached skill level 5 in Long Blades
 10621 | D:6      | Reached skill level 5 in Maces & Flails
 10621 | D:6      | Reached skill level 5 in Polearms
 10621 | D:6      | Reached skill level 5 in Staves
 10621 | D:6      | Reached skill level 5 in Slings
 10621 | D:6      | Reached skill level 5 in Bows
 10621 | D:6      | Reached skill level 5 in Crossbows
 10621 | D:6      | Reached skill level 5 in Throwing
 10621 | D:6      | Reached skill level 5 in Stealth
 10621 | D:6      | Reached skill level 5 in Shields
 10621 | D:6      | Reached skill level 5 in Unarmed Combat
 10621 | D:6      | Reached skill level 5 in Spellcasting
 10621 | D:6      | Reached skill level 5 in Evocations
 11758 | D:8      | HP: 2/82 [yak (9)]
 11761 | D:8      | Slain by a yak

Illustrated notes

Levels and vault maps discovered:
D:1:      tarquinn_simple_flora_water_b, layout_basic,
          shapermc_ecumenical_altar_mp_ritualfount, minmay_misc_feat_five,
          grunt_decor_cap
D:2:      minmay_skewed_foursquare, layout_rooms, serial_shops, shop
D:3:      layout_loops_cross, minmay_misc_feat_enclosed
D:4:      layout_gridville
D:5:      layout_gridville, nicolae_overflow_hidden_temple,
          ebering_ghost_rock_garden, kennysheep_boxes
D:6:      minmay_diamond_boxcup, layout_rooms, mainiacjoe_overflow_alcove_1,
          grunt_ministairs_5, uniq_duvessa, uniq_grinder
D:7:      layout_rooms, temple_pool_b, nicolae_stop_n_shop_1,
          guppyfry_early_elven_hall
D:8:      layout_basic, tgw_sif, nemelex_diamond_rough_becter,
          grunt_ministairs_11, minmay_crystal_water, minmay_circle_x

Skill      XL: |  1  2  3  4  5  6  7  8  9 10 |
---------------+-------------------------------+-----
Short Blades   | 1 2 3 4 5 |  5.3
Long Blades    | 1 2 3 4 5 |  5.3
Maces & Flails | 1 2 3 4 5 |  5.3
Polearms       | 1 2 3 4 5 |  5.3
Staves         | 1 2 3 4 5 |  5.3
Slings         | 1 2 3 4 5 |  5.3
Bows           | 1 2 3 4 5 |  5.3
Crossbows      | 1 2 3 4 5 |  5.3
Throwing       | 1 2 3 4 5 |  5.3
Stealth        | 1 2 3 4 5 |  5.3
Shields        | 1 2 3 4 5 |  5.3
Unarmed Combat | 1 2 3 4 5 |  5.3
Spellcasting   | 1 2 3 4 5 |  5.3
Evocations     | 1 2 3 4 5 |  5.3
Conjurations   | 1 2 3 4 |  4.4
Hexes          | 1 2 3 4 |  4.4
Summonings     | 1 2 3 4 |  4.4
Necromancy     | 1 2 3 4 |  4.4
Translocations | 1 2 3 4 |  4.4
Transmutations | 1 2 3 4 |  4.4
Fire Magic     | 1 2 3 4 |  4.4
Ice Magic      | 1 2 3 4 |  4.4
Air Magic      | 1 2 3 4 |  4.4
Earth Magic    | 1 2 3 4 |  4.4
Poison Magic   | 1 2 3 4 |  4.4
Dodging        | 3 4 5 6 |  6.0
Invocations    | 5 6 7 |  7.5
Axes           | 5 6 7 |  7.1
Armour         | 5 6 7 |  7.1
Fighting       | 7 8 |  8.5

Action                   |  1- 3 |  4- 6 |  7- 9 | 10-12 || total
-------------------------+-------+-------+-------+-------++-------
Melee: Hand axe          |   111 |   200 |   429 |   154 ||   894
       Bite              |     6 |    20 |    38 |    14 ||    78
Throw: Dart              |       |     3 |    69 |     1 ||    73
Invok: Depart the Abyss  |     1 |       |       |       ||     1
       Bend Space        |       |       |     4 |     1 ||     5
       Banish            |       |       |     3 |     2 ||     5
  Use: Scroll            |     4 |       |     8 |       ||    12
       Potion            |     1 |       |     5 |     2 ||     8
 Stab: Distracted        |       |       |     1 |       ||     1
Armor: Leather armour    |    21 |       |       |       ||    21
       Ring mail         |    20 |       |       |       ||    20
       Chain mail        |       |   109 |   173 |       ||   282
       Plate armour      |       |       |   112 |    91 ||   203
Dodge: Dodged            |   101 |   135 |   188 |    55 ||   479
Block: Buckler           |       |       |   125 |    45 ||   170

Table legend: (Time is in decaauts)
 A = Elapsed time spent in this place.
 B = Non-inter-level travel time spent in this place.
 C = Inter-level travel time spent in this place.
 D = Time resting spent in this place.
 E = Time spent auto-exploring this place.
 F = Levels seen in this place.
 G = Mean time per level.
                   A        B        C        D        E       F      G
               +--------+--------+--------+--------+--------+-----+--------+
         Total |  11808 |  11640 |    168 |   2469 |   6771 |  10 | 1180.8 |
       Dungeon |  11600 |  11432 |    168 |   2469 |   6642 |   8 | 1450.0 |
         Abyss |    208 |    208 |      0 |      0 |    129 |   2 |  104.0 |
               +--------+--------+--------+--------+--------+-----+--------+

Top non-repeatable levels by time:
     D:6: 2453 daAuts
     D:5: 2112 daAuts
     D:7: 1889 daAuts
     D:4: 1779 daAuts
     D:1: 1439 daAuts
     D:3: 818 daAuts
     D:2: 776 daAuts
     D:8: 331 daAuts
 Abyss:1: 130 daAuts
 Abyss:2: 78 daAuts
